 Dungeon Crawl Stone Soup version 0.17.0-24-gcfadda4 (webtiles) character file.

64 Helmschank the Insei (level 4, -2/29 HPs)
             Began as an Octopode Transmuter on Nov 16, 2015.
             Killed from afar by Sigmund (5 damage)
             ... with a puff of flame
             ... on level 2 of the Dungeon.
             The game lasted 00:07:24 (1831 turns).

Helmschank the Insei (Octopode Transmuter)          Turns: 1831, Time: 00:07:24

Health: -2/29      AC:  1    Str:  9    XL:     4   Next: 12%
Magic:  2/7        EV: 12    Int: 15    God:
Gold:   137        SH:  0    Dex: 13    Spells: 2 memorised, 4 levels left

rFire  . . .     SeeInvis .       - Unarmed
rCold  . . .     Clarity  .     (no shield)
rNeg   . . .     SustAt   .     (helmet restricted)
rPois  .         Gourm    .     j - amulet of resist mutation
rElec  .         Spirit   .     (no ring)
rCorr  .         Warding  .     (no ring)
rMut   +         Stasis   .     (no ring)
MR     .....                    (no ring)
Stlth  +++.......               (no ring)
                                (no ring)
                                (no ring)
                                (no ring)

@: not resistant to hostile enchantments, fairly stealthy
A: almost no armour, amphibious, 8 rings, constrict 8, camouflage 1, gelatinous
body 1
a: no special abilities


You were on level 2 of the Dungeon.
You were not hungry.

You visited 1 branch of the dungeon, and saw 2 of its levels.

You collected 137 gold pieces.

Inventory:

Missiles
 a - 79 arrows
 d - 58 stones (quivered)
 i - 7 arrows of frost
Jewellery
 j - an amulet of resist mutation (around mantle)
 m - a cursed ring of loudness {unknown}
Scrolls
 h - a scroll of amnesia {unknown}
 k - a scroll of teleportation {unknown}
 l - a scroll of fog {unknown}
 n - a scroll of fear {unknown}
 o - a scroll of blinking {unknown}
 r - a scroll of enchant armour {unknown}
Potions
 e - 2 potions of heal wounds {unknown}
 f - 2 potions of flight {unknown}
Books
 b - a book of Changes

   Spells                             Type                      Level
   a - Beastly Appendage              Transmutation                1
   b - Sticks to Snakes               Transmutation                2
   c - Spider Form                    Transmutation/Poison         3
   d - Ice Form                       Ice/Transmutation            4
   e - Blade Hands                    Transmutation                5
Comestibles
 c - a bread ration
 g - 3 meat rations
 p - a chunk of flesh
 q - a slice of pizza


   Skills:
 + Level 2.0 Fighting
 + Level 2.5 Dodging
 + Level 2.4 Stealth
 * Level 3.6 Unarmed Combat
 - Level 2.0 Spellcasting
 - Level 2.0 Transmutations


You had 4 spell levels left.
You knew the following spells:

 Your Spells              Type           Power        Failure   Level  Hunger
x - Sticks to Snakes      Trmt           #.........   14%         2    ###....
z - Beastly Appendage     Trmt           #.....       12%         1    #......


Dungeon Overview and Level Annotations

Branches:
Dungeon (2/15)

Altars:

Annotations:
D:2 Sigmund


Innate Abilities, Weirdness & Mutations

You cannot wear most types of armour.
You are amphibious.
You can wear up to eight rings at the same time.
You can use your tentacles to constrict eight enemies at once.
Your skin changes colour to match your surroundings (Stealth).
Your rubbery body absorbs attacks (AC +1).


Message History

Sigmund burns you.
* * * LOW HITPOINT WARNING * * *
Your adder closely misses the kobold.
Your adder bites the kobold.
The kobold dies!
Your adder bites Sigmund but does no damage.
Sigmund hits your adder with a scythe of flaming!
Sigmund burns your adder.
Your adder dies!
Sigmund hits your ball python with a scythe of flaming!
Sigmund burns your ball python.
Your ball python dies!
Casting: Sticks to Snakes
Confirm with . or Enter, or press ? or * to list all spells.
You create a snake!
* * * LOW MAGIC WARNING * * *
Sigmund casts a spell at you.
The puff of flame misses your ball python.
The puff of flame hits you!
You die...

.........................#
#####..################.##
#..# #....... ..# #.# #..#
#....####.# #.#
#..######.....#.# #.#
#.......#..##.#.# #.#
##.#..).......#.# #.#
........@..S.>##.###.#
##.....#.#.#.@.......#
#.....#.#.......#####
.......#.###.#...# #
##..##.......#.#.# #
#.......#####.#.#
#####...#.### #.#.#
........#.# #.#.#
........#.# #.#.#
........#.# #.#.#


You could see Sigmund and a friendly ball python.

Vanquished Creatures
  2 adders (D:2)
  2 worms (D:2)
  A giant gecko (D:2)
  4 bats
  3 giant cockroaches
  4 goblins
  7 hobgoblins
  4 jackals (D:2)
  3 giant newts (D:1)
  5 kobolds
  5 rats
40 creatures vanquished.

Vanquished Creatures (collateral kills)
  A kobold (D:2)
1 creature vanquished.

Grand Total: 41 creatures vanquished

Notes
Turn   | Place    | Note
--------------------------------------------------------------
     0 | D:1      | Helmschank the Octopode Transmuter began the quest for the Orb.
     0 | D:1      | Reached XP level 1. HP: 13/13 MP: 3/3
   204 | D:1      | Reached XP level 2. HP: 18/18 MP: 5/5
   277 | D:1      | Reached skill level 1 in Stealth
   659 | D:2      | Reached XP level 3. HP: 23/23 MP: 6/6
   666 | D:2      | Learned a level 2 spell: Sticks to Snakes
  1708 | D:2      | Reached XP level 4. HP: 25/29 MP: 7/7
  1815 | D:2      | Noticed Sigmund
  1831 | D:2      | Killed from afar by Sigmund

Action                   |  1- 3 |  4- 6 || total
-------------------------+-------+-------++-------
Melee: Unarmed           |    94 |     2 ||    96
Throw: Stone             |    11 |       ||    11
 Cast: Sticks to Snakes  |     1 |     3 ||     4
       Beastly Appendage |     1 |       ||     1
 Stab: Sleeping          |    10 |       ||    10
       Distracted        |     1 |       ||     1
  Eat: Chunk             |     3 |       ||     3
